 Dungeon Crawl Stone Soup version 0.31-a0-365-gcf821cafb2 (webtiles) character file.

Game seed: 9146909872653624606

72 promet the Covered (level 4, -1/29 HPs)
             Began as a Gargoyle Fighter on July 27, 2023.
             Slain by Sigmund
             ... wielding a +0 scythe
              (7 damage)
             ... on level 2 of the Dungeon.
             The game lasted 00:06:13 (1322 turns).

promet the Covered (Gargoyle Fighter)               Turns: 1322, Time: 00:06:14

Health: -1/29      AC: 10    Str: 20    XL:     4   Next: 25%
Magic:  4/4        EV:  9    Int: 10    God:
Gold:   38         SH:  0    Dex:  9    Spells: 3/3 levels left

rFire   . . .        a - +1 flail (protect)
rCold   . . .        c - +0 buckler
rNeg    + . .        b - +0 scale mail
rPois   ∞            (no helmet)
rElec   +            (no cloak)
rCorr   .            (no gloves)
SInv    .            (no boots)
Will    .....        (no amulet) Stlth
                     (no ring)
HPRegen 0.24/turn    (no ring)
MPRegen 0.09/turn

%: no passive effects
@: confused
A: sickness immunity, AC +3, negative energy resistance 1, electricity
resistance, torment resistance 1, petrification resistance
a: no special abilities


You were on level 2 of the Dungeon.
You visited 1 branch of the dungeon, and saw 2 of its levels.

You collected 38 gold pieces.

Inventory:

Hand Weapons
 a - a +1 flail of protection (weapon)
Missiles
 h - 3 stones (quivered)
Armour
 b - a +0 scale mail (worn)
 c - a +0 buckler (worn)
Scrolls
 i - a scroll of fear
Potions
 f - a potion of curing
 g - a potion of enlightenment


   Skills:
 + Level 3.9 Fighting
 + Level 2.8 Maces & Flails
 + Level 4.0 Armour
 + Level 0.1 Stealth
 + Level 3.7 Shields


You had 3 spell levels left.
You didn't know any spells.
Your spell library was empty.

Dungeon Overview and Level Annotations

Branches:
Dungeon (2/15)

Altars:

Annotations:
D:2 Sigmund


Innate Abilities, Weirdness & Mutations

You are immune to sickness and miasma.
Your stone body is resilient. (AC +3)
You are immune to poison.
You resist negative energy. (rN+)
You are resistant to electric shocks. (rElec)
You are resistant to unholy torment.
You are immune to petrification.


Message History

There is a stone staircase leading up here.
You miss something.
You hear some strange, mumbled words.
You are confused.
You closely miss something. Something hits you but does no damage.
Something hits you.
There is a stone staircase leading up here.
You barely miss something. Something hits you.
Something hits you but does no damage. Something hits you.
There is a stone staircase leading up here.
You thump something!
Your weapon exudes an aura of protection.
You feel less confused. Something hits you.
You miss something. Something hits you but does no damage.
You miss something. Something hits you but does no damage.
You sock something! You barely miss something. Something completely misses you.
You closely miss something.
You hear some strange, mumbled words.
Something tries to affect you, but you resist.
Something hits you but does no damage.
You miss something. You miss something.
You hear some strange, mumbled words.
You are confused.
Something hits you.
You bump into the rock wall.
Something hits you but does no damage. Something hits you.
You feel less confused.
A magic dart appears from out of thin air!
The magic dart hits you.
* * * LOW HITPOINT WARNING * * *
Something hits you but does no damage.
You miss something.
You hear some strange, mumbled words.
You are confused.
Something hits you!
You die...

#.#.........# P#
#.#.........# . P...P
#...........## .. #.#.
#............# ... P ..P.
#...........##...
.###.###...............
.......#...#.......###
..........<...{.@....###
#.#.........###........##
.................#.$.....##
##...............#.........
#......###.###.)#..##...#
#.....#...#...##..#.....#
##.....#...#...#...#.....#
......###..#...#..###..#.#
.##..#...#..###..#...#...#


There were no monsters in sight!

Vanquished Creatures
  Terence (D:1)
  An adder (D:1)
  A dart slug (D:2)
  4 endoplasms
  3 giant cockroaches (D:1)
  6 goblins
  2 hobgoblins (D:1)
  3 jackals (D:1)
  A ball python (D:1)
  4 bats
  A frilled lizard (D:1)
  3 kobolds
  2 rats (D:1)
32 creatures vanquished.

Notes
Turn   | Place    | Note
-------+----------+-------------------------------------------
     0 | D:1      | promet the Gargoyle Fighter began the quest for the Orb.
     0 | D:1      | Reached XP level 1. HP: 14/14 MP: 1/1
   146 | D:1      | Reached XP level 2. HP: 19/19 MP: 2/2
   479 | D:1      | You fall into a shaft and drop 1 floor!
   586 | D:2      | Noticed Terence
   589 | D:2      | Reached XP level 3. HP: 24/24 MP: 3/3
   589 | D:2      | Noticed Sigmund
   995 | D:1      | Killed Terence
   996 | D:1      | Reached XP level 4. HP: 20/29 MP: 4/4
  1168 | D:1      | Reached skill level 4 in Armour
  1322 | D:2      | Slain by Sigmund

Illustrated notes

Levels and vault maps discovered:
D:1:      roderic_crop_circles_arrival_small, layout_loops_cross
D:2:      minmay_skewed_foursquare, layout_rooms,
          shapermc_ecumenical_altar_mp_urbaneastern, serial_shops,
          nicolae_square_shop, minmay_door_square, dk_noncrumbling_4,
          nicolae_titane, uniq_sigmund, uniq_terence

Skill      XL: |  1  2  3  4 |
---------------+-------------+-----
Armour         | 4 |  4.0
Fighting       | |  3.9
Maces & Flails | |  2.8
Stealth        | |  0.1
Shields        | |  3.7

Action                     |  1- 3 |  4- 6 || total
---------------------------+-------+-------++-------
  Melee: Flail             |    76 |    46 ||   122
  Throw: Stone             |       |     2 ||     2
    Use: Scroll            |     6 |     1 ||     7
         Potion            |     1 |       ||     1
 Armour: Scale mail        |    35 |    20 ||    55
  Dodge: Dodged            |    39 |     7 ||    46
  Block: Buckler           |    12 |     3 ||    15

Table legend: (Time is in decaauts)
 A = Elapsed time spent in this place.
 B = Non-inter-level travel time spent in this place.
 C = Inter-level travel time spent in this place.
 D = Time resting spent in this place.
 E = Time spent auto-exploring this place.
 F = Levels seen in this place.
 G = Mean time per level.
                   A        B        C        D        E       F      G
               +--------+--------+--------+--------+--------+-----+--------+
         Total |   1364 |   1273 |     91 |    227 |    510 |   2 |  682.0 |
       Dungeon |   1364 |   1273 |     91 |    227 |    510 |   2 |  682.0 |
               +--------+--------+--------+--------+--------+-----+--------+

Top non-repeatable levels by time:
     D:1: 1142 daAuts
     D:2: 221 daAuts
